WCHLSIM.com - West Coast Hockey League
html PUBLIC "-//W3C//DTD XHTML 1.0 Transitional//EN" "http://www.w3.org/TR/xhtml1/DTD/xhtml1-transitional.dtd"> WCHL - Game 141 - LONG BEACH BARACUDAS vs LAS VEGAS LIZARD KINGS

LONG BEACH BARACUDAS vs LAS VEGAS LIZARD KINGS

Created - 1 novembre 2022 at 21:16

Goals
1 2 3 T
LONG BEACH BARACUDAS 1 1 0 2
LAS VEGAS LIZARD KINGS 2 0 1 3
Shots
1 2 3 T
LONG BEACH BARACUDAS 12 14 5 31
LAS VEGAS LIZARD KINGS 12 7 8 27

1st period

1. LAS VEGAS LIZARD KINGS , Johnny Gaudreau 8 (Ryan Nugent-Hopkins 9, Brayden McNabb 3) at 7:58
2. LONG BEACH BARACUDAS , Seth Jarvis 4 (Brock Nelson 5) at 10:40
3. LAS VEGAS LIZARD KINGS , Victor Olofsson 2 (Evan Rodrigues 2, Jeff Carter 5) at 15:40

Penalties :
Ryan Murray (LOB) for High sticking (Minor) at 11:00, Jeff Carter (LVG) for Roughing (Double Minor) at 19:10

2nd period

4. LONG BEACH BARACUDAS , Robert Fabbri 3 (Derek Stepan 2, P.K. Subban 2) at 18:53

Penalties :
John Marino (LVG) for Holding (Minor) at 12:26

3rd period

5. LAS VEGAS LIZARD KINGS , Ryan Nugent-Hopkins 7 (Johnny Gaudreau 10) at 3:08

Penalties :
P.K. Subban (LOB) for High sticking (Minor) at 8:37, P.K. Subban (LOB) for Hooking (Minor) at 10:52, Drake Caggiula (LVG) for Slashing (Minor) at 17:40

Goalie Stats

Martin Jones (LOB), 24 saves from 27 shots - (0,889), L, 1-1-0, 59:04 minutes
Mikko Koskinen (LVG), 29 saves from 31 shots - (0,935), W, 3-2-2, 60:00 minutes

Players Stats for LONG BEACH BARACUDAS

Player Name              G  A  P  +/- PIM S  H  SB GA TA FO     MP     PP MP  PK MP  
------------------------------------------------------------------------------------
Alex Pietrangelo         0  0  0   0  0   0  0  3  0  0  0/0    23:11   3:51   1:25 
Arthur Kaliyev           0  0  0  -1  0   0  1  0  0  0  0/0    15:28   0:00   0:00 
Boris Katchouk           0  0  0   1  0   0  3  0  0  0  1/1     4:39   0:00   0:04 
Brock McGinn             0  0  0  -1  0   1  0  1  0  0  1/1    10:04   0:11   0:03 
Brock Nelson             0  1  1   0  0   3  1  1  0  0  13/20  19:57   3:51   0:13 
Craig Smith              0  0  0  -1  0   0  1  0  0  0  0/0    20:52   3:55   1:29 
Derek Stepan             0  1  1   1  0   0  0  0  0  0  4/7     7:39   0:00   3:04 
Derrick Pouliot          0  0  0   1  0   1  0  1  0  0  0/0    16:03   0:00   2:18 
Jared Spurgeon           0  0  0  -2  0   1  3  0  0  0  0/0    18:06   0:00   3:36 
Mitch Reinke             0  0  0  -2  0   0  0  0  0  0  0/0    20:19   4:06   2:11 
Nicklas Backstrom        0  0  0  -1  0   2  0  0  0  0  8/15   15:12   3:51   1:11 
Nolan Patrick            0  0  0   0  0   0  0  0  0  0  1/2     2:05   0:00   2:05 
P.K. Subban              0  1  1   1  4   2  1  2  0  0  0/0    19:05   4:06   1:00 
Robert Fabbri            1  0  1   0  0   6  2  0  0  0  0/0    21:49   3:51   3:33 
Ryan Murray              0  0  0   0  2   0  3  1  0  0  0/0    18:39   0:00   0:41 
Seth Jarvis              1  0  1   0  0   2  1  1  0  0  0/2    19:44   3:51   0:00 
Taylor Hall              0  0  0   0  0   7  0  0  0  0  2/4    21:14   4:06   0:55 
William Karlsson         0  0  0  -1  0   6  1  0  0  0  8/19   19:54   4:06   0:00 

Players Stats for LAS VEGAS LIZARD KINGS

Player Name              G  A  P  +/- PIM S  H  SB GA TA FO     MP     PP MP  PK MP  
------------------------------------------------------------------------------------
Brandon Hagel            0  0  0  -1  0   1  0  0  0  0  0/2    16:39   0:00   4:45 
Brayden McNabb           0  1  1   1  0   1  0  3  0  0  0/0    20:48   0:00   4:04 
Drake Caggiula           0  0  0  -1  2   0  1  0  0  0  0/0     4:31   0:00   0:00 
Dylan Gambrell           0  0  0  -1  0   0  0  0  0  0  0/0     4:32   0:00   0:00 
Evan Rodrigues           0  1  1   1  0   5  0  2  0  0  4/9    21:44   2:53   4:45 
Jack Johnson             0  0  0  -1  0   0  0  0  0  0  0/0    15:11   0:00   0:56 
Jeff Carter              0  1  1   1  4   3  0  0  0  0  13/17  18:25   2:53   1:47 
John Klingberg           0  0  0   1  0   0  1  0  0  0  0/0    23:22   3:04   3:59 
John Marino              0  0  0   1  2   0  2  1  0  0  0/0    20:56   2:53   2:57 
Johnny Gaudreau          1  1  2   2  0   4  0  0  0  0  1/3    18:58   3:04   0:00 
Matt Roy                 0  0  0  -1  0   0  0  2  0  0  0/0    17:28   2:53   0:00 
Matthew Nieto            0  0  0  -1  0   1  0  0  0  0  0/1    11:54   0:00   0:00 
Nick Leddy               0  0  0   1  0   0  0  0  0  0  0/0    22:14   3:04   3:58 
Nino Niederreiter        0  0  0   2  0   2  2  0  0  0  0/0    18:58   3:04   0:00 
Ryan Nugent-Hopkins      1  1  2   2  0   7  1  1  0  0  7/18   18:38   3:04   0:00 
Sean Monahan             0  0  0  -1  0   1  1  1  0  0  7/17   13:19   0:00   1:25 
Victor Olofsson          1  0  1   1  0   2  0  0  0  0  0/1    16:39   2:53   0:00 
Zemgus Girgensons        0  0  0  -1  0   0  0  0  0  0  1/3     7:44   0:00   3:12 

3 Stars

1 - Ryan Nugent-Hopkins (LVG)
2 - Johnny Gaudreau (LVG)
3 - Victor Olofsson (LVG)

Power Play

LONG BEACH BARACUDAS - 0 on 4 Attempt(s) - 0,00%
LAS VEGAS LIZARD KINGS - 0 on 3 Attempt(s) - 0,00%

Penalty Kill

LONG BEACH BARACUDAS - 3 on 3 Attempt(s) - 100,00% - Score 0 goal in Penalty Kill
LAS VEGAS LIZARD KINGS - 4 on 4 Attempt(s) - 100,00% - Score 0 goal in Penalty Kill

Team Stat

LONG BEACH BARACUDAS - Hits : 17 - Faceoff Wins : 38 - Blocked Shots : 10 - Penalty Minutes : 6
LAS VEGAS LIZARD KINGS - Hits : 8 - Faceoff Wins : 33 - Blocked Shots : 10 - Penalty Minutes : 8

Official

Referees : Brandon Schrader and Jean Hebert
Linesman : Tony Sericolo and Kory Nagy

Game Notes

No Game Note

Finance

Level 1 -- Attendance: 4933 (78,68%) -- Ticket Income 1 085 260 $
Level 2 -- Attendance: 3964 (62,72%) -- Ticket Income 594 600 $
Level 3 -- Attendance: 1756 (84,02%) -- Ticket Income 228 280 $
Level 4 -- Attendance: 2739 (63,40%) -- Ticket Income 273 900 $
Luxury Box -- Attendance: 703 (70,30%) -- Ticket Income 281 200 $
Game was played at the Casino Square Garden.
Total Attendance: 14095 (70,48%)
Total Ticket Income: 2 463 240 $
Other Expense: 24 632 $
Total Income: 2 438 608 $

LONG BEACH BARACUDAS

5 vs 5 Forward 
   Center                   Left Wing                Right Wing               Time % Phy DF OF 
 1 Brock Nelson             Taylor Hall              Seth Jarvis              36     0   2  3  
 2 William Karlsson         Arthur Kaliyev           Craig Smith              31     0   2  3  
 3 Nicklas Backstrom        Robert Fabbri            Brock McGinn             23     0   3  2  
 4 Derek Stepan             Boris Katchouk           Robert Fabbri            10     0   4  1  

5 vs 5 Defense 
   Defense                  Defense                                           Time % Phy DF OF 
 1 Alex Pietrangelo         Ryan Murray                                       36     0   3  2  
 2 Jared Spurgeon           Mitch Reinke                                      31     0   3  2  
 3 Derrick Pouliot          P.K. Subban                                       23     0   4  1  
 4 Ryan Murray              Jared Spurgeon                                    10     0   4  1  

PowerPlay Forward 
   Center                   Left Wing                Right Wing               Time % Phy DF OF 
 1 William Karlsson         Taylor Hall              Craig Smith              55     0   2  3  
 2 Brock Nelson             Robert Fabbri            Seth Jarvis              45     0   2  3  

PowerPlay Defense
   Defense                  Defense                                           Time % Phy DF OF 
 1 Alex Pietrangelo         Nicklas Backstrom                                 55     0   3  2  
 2 P.K. Subban              Mitch Reinke                                      45     0   3  2  

Penalty Kill 4 Players Forward 
   Center                   Wing                     Time % Phy DF OF 
 1 Derek Stepan             Robert Fabbri            55     0   4  1  
 2 Nolan Patrick            Craig Smith              45     0   4  1  

Penalty Kill 4 Players Defense
   Defense                  Defense                  Time % Phy DF OF 
 1 P.K. Subban              Jared Spurgeon           55     1   2  2  
 2 Derrick Pouliot          Ryan Murray              45     0   4  1  

Penalty Kill - 3 Players Forward 
   Forward                                           Time % Phy DF OF 
 1 Nicklas Backstrom                                 55     0   5  0  
 2 Brock Nelson                                      45     0   5  0  

Penalty Kill - 3 Players Defense
   Defense                  Defense                  Time % Phy DF OF 
 1 Mitch Reinke             Jared Spurgeon           55     0   5  0  
 2 P.K. Subban              Ryan Murray              45     0   5  0  

4 vs 4 Forward 
   Center                   Wing                     Time % Phy DF OF 
 1 Nolan Patrick            Boris Katchouk           55     0   2  3  
 2 Nicklas Backstrom        Robert Fabbri            45     0   2  3  

4 vs 4 Defense
   Defense                  Defense                  Time % Phy DF OF 
 1 Alex Pietrangelo         Jared Spurgeon           55     0   2  3  
 2 Jared Spurgeon           Ryan Murray              45     0   2  3  

Last Minutes Offensive
   Center                   Left Wing                Right Wing               Defense                  Defense                  
   William Karlsson         Taylor Hall              Craig Smith              Alex Pietrangelo         Jared Spurgeon           

Last Minutes Defensive
   Center                   Left Wing                Right Wing               Defense                  Defense                  
   William Karlsson         Arthur Kaliyev           Craig Smith              Alex Pietrangelo         Jared Spurgeon           

Goaltenders
Starting : Martin Jones             
Backup : Jake Oettinger           

Extra Forwards
Normal : Nicklas Backstrom, Robert Fabbri, Derek Stepan - PP : Nicklas Backstrom, Robert Fabbri - PK : Craig Smith
Extra Defensemen
Normal : Derrick Pouliot, Mitch Reinke, P.K. Subban - PP : Derrick Pouliot - PK : Mitch Reinke, P.K. Subban
Penalty Shots
William Karlsson, Brock Nelson, Taylor Hall, Seth Jarvis, Nicklas Backstrom
Custom OT Lines Forwards
William Karlsson, Brock Nelson, Taylor Hall, Seth Jarvis, Nicklas Backstrom, Arthur Kaliyev, Derek Stepan, Craig Smith, Robert Fabbri, Brock McGinn
Custom OT Lines Defensemen
Alex Pietrangelo, Jared Spurgeon, P.K. Subban, Ryan Murray, Derrick Pouliot

Scratches
Alexandre Texier (Torn Right ACL Injury), Jaden Schwartz (Abdomen/Ribs Injury)

LAS VEGAS LIZARD KINGS

5 vs 5 Forward 
   Center                   Left Wing                Right Wing               Time % Phy DF OF 
 1 Ryan Nugent-Hopkins      Johnny Gaudreau          Nino Niederreiter        37     0   2  3  
 2 Jeff Carter              Victor Olofsson          Evan Rodrigues           30     0   2  3  
 3 Sean Monahan             Brandon Hagel            Matthew Nieto            25     1   3  1  
 4 Zemgus Girgensons        Drake Caggiula           Dylan Gambrell           8      1   2  2  

5 vs 5 Defense 
   Defense                  Defense                                           Time % Phy DF OF 
 1 Brayden McNabb           Nick Leddy                                        35     1   2  2  
 2 John Marino              John Klingberg                                    35     0   2  3  
 3 Matt Roy                 Jack Johnson                                      30     1   2  2  
 4 Brayden McNabb           John Klingberg                                    0      1   2  2  

PowerPlay Forward 
   Center                   Left Wing                Right Wing               Time % Phy DF OF 
 1 Ryan Nugent-Hopkins      Johnny Gaudreau          Nino Niederreiter        60     1   2  2  
 2 Jeff Carter              Evan Rodrigues           Victor Olofsson          40     1   2  2  

PowerPlay Defense
   Defense                  Defense                                           Time % Phy DF OF 
 1 Nick Leddy               John Klingberg                                    60     1   2  2  
 2 John Marino              Matt Roy                                          40     1   2  2  

Penalty Kill 4 Players Forward 
   Center                   Wing                     Time % Phy DF OF 
 1 Evan Rodrigues           Brandon Hagel            55     1   2  2  
 2 Jeff Carter              Zemgus Girgensons        45     1   2  2  

Penalty Kill 4 Players Defense
   Defense                  Defense                  Time % Phy DF OF 
 1 Brayden McNabb           John Klingberg           55     1   2  2  
 2 Nick Leddy               John Marino              45     1   2  2  

Penalty Kill - 3 Players Forward 
   Forward                                           Time % Phy DF OF 
 1 Sean Monahan                                      55     1   2  2  
 2 Zemgus Girgensons                                 45     1   2  2  

Penalty Kill - 3 Players Defense
   Defense                  Defense                  Time % Phy DF OF 
 1 John Marino              Jack Johnson             55     1   2  2  
 2 Nick Leddy               Brayden McNabb           45     1   2  2  

4 vs 4 Forward 
   Center                   Wing                     Time % Phy DF OF 
 1 Johnny Gaudreau          Ryan Nugent-Hopkins      55     1   2  2  
 2 Jeff Carter              Nino Niederreiter        45     1   2  2  

4 vs 4 Defense
   Defense                  Defense                  Time % Phy DF OF 
 1 Brayden McNabb           John Klingberg           55     1   2  2  
 2 Nick Leddy               John Marino              45     1   2  2  

Last Minutes Offensive
   Center                   Left Wing                Right Wing               Defense                  Defense                  
   Ryan Nugent-Hopkins      Johnny Gaudreau          Nino Niederreiter        Nick Leddy               John Klingberg           

Last Minutes Defensive
   Center                   Left Wing                Right Wing               Defense                  Defense                  
   Evan Rodrigues           Johnny Gaudreau          Nino Niederreiter        Brayden McNabb           Matt Roy                 

Goaltenders
Starting : Mikko Koskinen           
Backup : Spencer Knight           

Extra Forwards
Normal : Victor Olofsson, Brandon Hagel, Sean Monahan - PP : Evan Rodrigues, Brandon Hagel - PK : Sean Monahan
Extra Defensemen
Normal : John Marino, Jack Johnson, Nick Leddy - PP : John Marino - PK : Jack Johnson, Nick Leddy
Penalty Shots
Johnny Gaudreau, Ryan Nugent-Hopkins, Victor Olofsson, Jeff Carter, Brandon Hagel
Custom OT Lines Forwards
Johnny Gaudreau, Ryan Nugent-Hopkins, Jeff Carter, Nino Niederreiter, Evan Rodrigues, Brandon Hagel, Victor Olofsson, Sean Monahan, Zemgus Girgensons, Matthew Nieto
Custom OT Lines Defensemen
Brayden McNabb, John Klingberg, Nick Leddy, Matt Roy, John Marino

Scratches
None


% Time on Ice - LONG BEACH BARACUDAS

Lines # - Real PCT - Wanted PCT - Time Play
Normal Forward
1 - 35% - 36% - 15:53
2 - 34% - 31% - 15:28
3 - 21% - 23% - 9:50
4 - 10% - 10% - 4:35
Normal Defense
1 - 33% - 36% - 14:55
2 - 30% - 31% - 13:46
3 - 31% - 23% - 14:01
4 - 7% - 10% - 3:04
PP Forward
1 - 52% - 55% - 4:06
2 - 48% - 45% - 3:51
PP Defense
1 - 48% - 55% - 3:51
2 - 52% - 45% - 4:06
PK Forward
1 - 65% - 55% - 3:52
2 - 35% - 45% - 2:05
PK Defense
1 - 72% - 55% - 4:17
2 - 28% - 45% - 1:40
PK3 Forward
1 - 0% - 55%
2 - 0% - 45%
PK3 Defense
1 - 0% - 55%
2 - 0% - 45%
44 Forward
1 - 0% - 55%
2 - 0% - 45%
44 Defense
1 - 0% - 55%
2 - 0% - 45%
Last Minute Offensive  - 0:20
Last Minute Defensive  - 0:00
Total
Forward - 60:00
Defense - 60:00

% Time on Ice - LAS VEGAS LIZARD KINGS

Lines # - Real PCT - Wanted PCT - Time Play
Normal Forward
1 - 34% - 37% - 15:34
2 - 30% - 30% - 13:46
3 - 26% - 25% - 11:54
4 - 10% - 8% - 4:32
Normal Defense
1 - 33% - 35% - 15:12
2 - 33% - 35% - 15:07
3 - 31% - 30% - 14:15
4 - 3% - 0% - 1:12
PP Forward
1 - 52% - 60% - 3:04
2 - 48% - 40% - 2:53
PP Defense
1 - 52% - 60% - 3:04
2 - 48% - 40% - 2:53
PK Forward
1 - 60% - 55% - 4:45
2 - 40% - 45% - 3:12
PK Defense
1 - 50% - 55% - 3:59
2 - 50% - 45% - 3:58
PK3 Forward
1 - 0% - 55%
2 - 0% - 45%
PK3 Defense
1 - 0% - 55%
2 - 0% - 45%
44 Forward
1 - 0% - 55%
2 - 0% - 45%
44 Defense
1 - 0% - 55%
2 - 0% - 45%
Last Minute Offensive  - 0:00
Last Minute Defensive  - 0:20
Total
Forward - 60:00
Defense - 60:00

Play-by-Play

1st period


0:01 of 1st period - Brock Nelson wins face-off versus Ryan Nugent-Hopkins in neutral zone.
0:28 of 1st period - Shot by Seth Jarvis.
0:28 of 1st period - Shot Misses the Net.
0:41 of 1st period - Off-side.
0:42 of 1st period - Jeff Carter wins face-off versus William Karlsson in neutral zone.
1:10 of 1st period - Shot by Craig Smith.
1:10 of 1st period - Deflect By William Karlsson.
1:10 of 1st period - Stopped by Mikko Koskinen without a rebound.
1:11 of 1st period - Nicklas Backstrom wins face-off versus Sean Monahan in LAS VEGAS LIZARD KINGS zone.
1:14 of 1st period - Shot by Brock McGinn.
1:14 of 1st period - Shot Blocked by Sean Monahan.
1:16 of 1st period - Shot by Derrick Pouliot.
1:16 of 1st period - Stopped by Mikko Koskinen without a rebound.
1:17 of 1st period - Nicklas Backstrom wins face-off versus Sean Monahan in LAS VEGAS LIZARD KINGS zone.
1:18 of 1st period - Shot by Robert Fabbri.
1:18 of 1st period - Stopped by Mikko Koskinen without a rebound.
1:19 of 1st period - Sean Monahan wins face-off versus Nicklas Backstrom in LAS VEGAS LIZARD KINGS zone.
1:34 of 1st period - Shot by Nicklas Backstrom.
1:34 of 1st period - Shot Blocked by Matt Roy.
1:36 of 1st period - Shot by Robert Fabbri.
1:36 of 1st period - Shot Blocked by Matt Roy.
2:30 of 1st period - Evan Rodrigues is hit by Arthur Kaliyev and loses puck.
4:46 of 1st period - John Marino is hit by Brock Nelson and loses puck.
5:22 of 1st period - Brandon Hagel is hit by Boris Katchouk and loses puck.
5:49 of 1st period - Matthew Nieto is hit by Boris Katchouk and loses puck.
6:33 of 1st period - Icing by Brayden McNabb.
6:34 of 1st period - Ryan Nugent-Hopkins wins face-off versus Nicklas Backstrom in LAS VEGAS LIZARD KINGS zone.
6:55 of 1st period - Shot by Robert Fabbri.
6:55 of 1st period - Stopped by Mikko Koskinen without a rebound.
6:56 of 1st period - Jeff Carter wins face-off versus William Karlsson in LAS VEGAS LIZARD KINGS zone.
7:47 of 1st period - Icing by Alex Pietrangelo.
7:48 of 1st period - Nicklas Backstrom wins face-off versus Ryan Nugent-Hopkins in LONG BEACH BARACUDAS zone.
7:48 of 1st period - Nicklas Backstrom is hit by Nino Niederreiter.
7:58 of 1st period - Shot by Johnny Gaudreau.
7:58 of 1st period - Goal by Johnny Gaudreau - LONG BEACH BARACUDAS : 0 - LAS VEGAS LIZARD KINGS : 1.
7:59 of 1st period - Boris Katchouk wins face-off versus Zemgus Girgensons in neutral zone.
8:28 of 1st period - Shot by Dylan Gambrell.
8:28 of 1st period - Shot Misses the Net.
10:21 of 1st period - Icing by Alex Pietrangelo.
10:22 of 1st period - Sean Monahan wins face-off versus Taylor Hall in LONG BEACH BARACUDAS zone.
10:29 of 1st period - Shot by Sean Monahan.
10:29 of 1st period - Shot Blocked by Alex Pietrangelo.
10:32 of 1st period - Icing by Alex Pietrangelo.
10:33 of 1st period - Brock Nelson wins face-off versus Zemgus Girgensons in LONG BEACH BARACUDAS zone.
10:40 of 1st period - Shot by Seth Jarvis.
10:40 of 1st period - Goal by Seth Jarvis - LONG BEACH BARACUDAS : 1 - LAS VEGAS LIZARD KINGS : 1.
10:41 of 1st period - Johnny Gaudreau wins face-off versus Nicklas Backstrom in neutral zone.
10:56 of 1st period - Shot by Ryan Nugent-Hopkins.
10:56 of 1st period - Shot Misses the Net.
10:58 of 1st period - Shot by Nino Niederreiter.
10:58 of 1st period - Stopped by Martin Jones without a rebound.
10:59 of 1st period - Jeff Carter wins face-off versus Seth Jarvis in LONG BEACH BARACUDAS zone.
10:59 of 1st period - Jeff Carter is hit by Ryan Murray.
11:00 of 1st period - Minor Penalty to Ryan Murray for High sticking.
11:01 of 1st period - Ryan Nugent-Hopkins wins face-off versus Derek Stepan in LONG BEACH BARACUDAS zone.
11:34 of 1st period - Shot by Ryan Nugent-Hopkins.
11:34 of 1st period - Stopped by Martin Jones with a rebound.
11:44 of 1st period - Shot by Ryan Nugent-Hopkins.
11:44 of 1st period - Stopped by Martin Jones with a rebound.
11:46 of 1st period - Shot by Johnny Gaudreau.
11:46 of 1st period - Shot Misses the Net.
13:07 of 1st period - Shot by Brock Nelson.
13:07 of 1st period - Stopped by Mikko Koskinen without a rebound.
13:08 of 1st period - Taylor Hall wins face-off versus Sean Monahan in LAS VEGAS LIZARD KINGS zone.
13:09 of 1st period - Shot by Seth Jarvis.
13:09 of 1st period - Deflect By Brock Nelson.
13:09 of 1st period - Stopped by Mikko Koskinen without a rebound.
13:10 of 1st period - Sean Monahan wins face-off versus Brock Nelson in LAS VEGAS LIZARD KINGS zone.
13:27 of 1st period - Shot by Taylor Hall.
13:27 of 1st period - Stopped by Mikko Koskinen without a rebound.
13:28 of 1st period - Nicklas Backstrom wins face-off versus Johnny Gaudreau in LAS VEGAS LIZARD KINGS zone.
13:35 of 1st period - Brock McGinn is hit by Ryan Nugent-Hopkins and loses puck.
14:00 of 1st period - Shot by Nicklas Backstrom.
14:00 of 1st period - Deflect By Brock McGinn.
14:00 of 1st period - Stopped by Mikko Koskinen without a rebound.
14:01 of 1st period - Brock Nelson wins face-off versus Jeff Carter in LAS VEGAS LIZARD KINGS zone.
14:02 of 1st period - Shot by Taylor Hall.
14:02 of 1st period - Stopped by Mikko Koskinen with a rebound.
14:35 of 1st period - Shot by Evan Rodrigues.
14:35 of 1st period - Stopped by Martin Jones without a rebound.
14:36 of 1st period - William Karlsson wins face-off versus Ryan Nugent-Hopkins in LONG BEACH BARACUDAS zone.
14:47 of 1st period - Shot by William Karlsson.
14:47 of 1st period - Stopped by Mikko Koskinen without a rebound.
14:48 of 1st period - Sean Monahan wins face-off versus Nicklas Backstrom in LAS VEGAS LIZARD KINGS zone.
15:05 of 1st period - Shot by Sean Monahan.
15:05 of 1st period - Shot Blocked by Brock McGinn.
15:09 of 1st period - Shot by Brandon Hagel.
15:09 of 1st period - Shot Blocked by P.K. Subban.
15:11 of 1st period - Shot by Brayden McNabb.
15:11 of 1st period - Shot Misses the Net.
15:13 of 1st period - Shot by Brandon Hagel.
15:13 of 1st period - Deflect By Matthew Nieto.
15:13 of 1st period - Stopped by Martin Jones without a rebound.
15:14 of 1st period - Brock Nelson wins face-off versus Ryan Nugent-Hopkins in LONG BEACH BARACUDAS zone.
15:28 of 1st period - Shot by Johnny Gaudreau.
15:28 of 1st period - Shot Misses the Net.
15:30 of 1st period - Shot by Johnny Gaudreau.
15:30 of 1st period - Stopped by Martin Jones without a rebound.
15:31 of 1st period - Jeff Carter wins face-off versus William Karlsson in LONG BEACH BARACUDAS zone.
15:40 of 1st period - Shot by Victor Olofsson.
15:40 of 1st period - Goal by Victor Olofsson - LONG BEACH BARACUDAS : 1 - LAS VEGAS LIZARD KINGS : 2.
15:41 of 1st period - Ryan Nugent-Hopkins wins face-off versus Brock Nelson in neutral zone.
16:10 of 1st period - Shot by Taylor Hall.
16:10 of 1st period - Shot Misses the Net.
16:31 of 1st period - Icing by Jack Johnson.
16:32 of 1st period - Ryan Nugent-Hopkins wins face-off versus William Karlsson in LAS VEGAS LIZARD KINGS zone.
16:59 of 1st period - Shot by Evan Rodrigues.
16:59 of 1st period - Stopped by Martin Jones without a rebound.
17:00 of 1st period - Sean Monahan wins face-off versus Nicklas Backstrom in LONG BEACH BARACUDAS zone.
18:07 of 1st period - Shot by Evan Rodrigues.
18:07 of 1st period - Shot Misses the Net.
18:13 of 1st period - Shot by Evan Rodrigues.
18:13 of 1st period - Stopped by Martin Jones with a rebound.
18:15 of 1st period - Shot by John Klingberg.
18:15 of 1st period - Shot Misses the Net.
18:25 of 1st period - Shot by Victor Olofsson.
18:25 of 1st period - Stopped by Martin Jones without a rebound.
18:26 of 1st period - William Karlsson wins face-off versus Ryan Nugent-Hopkins in LONG BEACH BARACUDAS zone.
18:41 of 1st period - Shot by William Karlsson.
18:41 of 1st period - Shot Blocked by Ryan Nugent-Hopkins.
19:05 of 1st period - Shot by Johnny Gaudreau.
19:05 of 1st period - Shot Misses the Net.
19:07 of 1st period - Shot by Nino Niederreiter.
19:07 of 1st period - Shot Misses the Net.
19:09 of 1st period - Shot by Ryan Nugent-Hopkins.
19:09 of 1st period - Stopped by Martin Jones without a rebound.
19:10 of 1st period - Brock Nelson wins face-off versus Jeff Carter in LONG BEACH BARACUDAS zone.
19:10 of 1st period - Double Minor Penalty to Jeff Carter for Roughing.
19:11 of 1st period - Brock Nelson wins face-off versus Evan Rodrigues in LAS VEGAS LIZARD KINGS zone.
19:36 of 1st period - Shot by Seth Jarvis.
19:36 of 1st period - Stopped by Mikko Koskinen without a rebound.
19:37 of 1st period - Evan Rodrigues wins face-off versus William Karlsson in LAS VEGAS LIZARD KINGS zone.
Goals for this period are 1 for LONG BEACH BARACUDAS vs 2 for LAS VEGAS LIZARD KINGS.
Shots for this period are 12 for LONG BEACH BARACUDAS vs 12 for LAS VEGAS LIZARD KINGS.

2nd period


0:01 of 2nd period - Evan Rodrigues wins face-off versus William Karlsson in neutral zone.
0:11 of 2nd period - William Karlsson is hit by John Marino and loses puck.
0:55 of 2nd period - Shot by Brock Nelson.
0:55 of 2nd period - Shot Blocked by Evan Rodrigues.
0:57 of 2nd period - Shot by P.K. Subban.
0:57 of 2nd period - Stopped by Mikko Koskinen without a rebound.
0:58 of 2nd period - Sean Monahan wins face-off versus Brock Nelson in LAS VEGAS LIZARD KINGS zone.
0:58 of 2nd period - Sean Monahan is hit by Seth Jarvis.
1:07 of 2nd period - Off-side.
1:08 of 2nd period - Brock Nelson wins face-off versus Evan Rodrigues in neutral zone.
1:34 of 2nd period - Shot by Robert Fabbri.
1:34 of 2nd period - Stopped by Mikko Koskinen with a rebound.
2:00 of 2nd period - Shot by Taylor Hall.
2:00 of 2nd period - Stopped by Mikko Koskinen with a rebound.
2:02 of 2nd period - Shot by William Karlsson.
2:02 of 2nd period - Deflect By Taylor Hall.
2:02 of 2nd period - Stopped by Mikko Koskinen with a rebound.
2:07 of 2nd period - Shot by William Karlsson.
2:07 of 2nd period - Stopped by Mikko Koskinen without a rebound.
2:08 of 2nd period - William Karlsson wins face-off versus Evan Rodrigues in LAS VEGAS LIZARD KINGS zone.
2:49 of 2nd period - Shot by William Karlsson.
2:49 of 2nd period - Deflect By Taylor Hall.
2:49 of 2nd period - Shot Misses the Net.
4:06 of 2nd period - Jared Spurgeon is hit by Nino Niederreiter and loses puck.
5:10 of 2nd period - William Karlsson is hit by Drake Caggiula and loses puck.
5:32 of 2nd period - Shot by William Karlsson.
5:32 of 2nd period - Stopped by Mikko Koskinen without a rebound.
5:33 of 2nd period - Nicklas Backstrom wins face-off versus Sean Monahan in LAS VEGAS LIZARD KINGS zone.
7:27 of 2nd period - Shot by Taylor Hall.
7:27 of 2nd period - Shot Misses the Net.
8:08 of 2nd period - Johnny Gaudreau is hit by Jared Spurgeon and loses puck.
8:56 of 2nd period - Dylan Gambrell is hit by Jared Spurgeon and loses puck.
9:41 of 2nd period - Shot by Brandon Hagel.
9:41 of 2nd period - Stopped by Martin Jones without a rebound.
9:42 of 2nd period - William Karlsson wins face-off versus Jeff Carter in LONG BEACH BARACUDAS zone.
9:47 of 2nd period - Jack Johnson is hit by Craig Smith and loses puck.
10:10 of 2nd period - Shot by Evan Rodrigues.
10:10 of 2nd period - Stopped by Martin Jones without a rebound.
10:11 of 2nd period - Taylor Hall wins face-off versus Ryan Nugent-Hopkins in LONG BEACH BARACUDAS zone.
10:38 of 2nd period - Shot by Taylor Hall.
10:38 of 2nd period - Stopped by Mikko Koskinen without a rebound.
10:39 of 2nd period - William Karlsson wins face-off versus Matthew Nieto in LAS VEGAS LIZARD KINGS zone.
11:03 of 2nd period - Shot by William Karlsson.
11:03 of 2nd period - Stopped by Mikko Koskinen without a rebound.
11:04 of 2nd period - Evan Rodrigues wins face-off versus Brock Nelson in LAS VEGAS LIZARD KINGS zone.
11:52 of 2nd period - Off-side.
11:53 of 2nd period - Ryan Nugent-Hopkins wins face-off versus William Karlsson in neutral zone.
12:08 of 2nd period - Shot by Johnny Gaudreau.
12:08 of 2nd period - Stopped by Martin Jones without a rebound.
12:09 of 2nd period - Nicklas Backstrom wins face-off versus Sean Monahan in LONG BEACH BARACUDAS zone.
12:09 of 2nd period - Nicklas Backstrom is hit by Sean Monahan.
12:26 of 2nd period - Minor Penalty to John Marino for Holding.
12:27 of 2nd period - William Karlsson wins face-off versus Evan Rodrigues in LAS VEGAS LIZARD KINGS zone.
13:51 of 2nd period - Shot by Nicklas Backstrom.
13:51 of 2nd period - Stopped by Mikko Koskinen without a rebound.
13:52 of 2nd period - Jeff Carter wins face-off versus William Karlsson in LAS VEGAS LIZARD KINGS zone.
13:52 of 2nd period - Jeff Carter is hit by William Karlsson.
13:59 of 2nd period - Icing by William Karlsson.
14:00 of 2nd period - William Karlsson wins face-off versus Evan Rodrigues in LONG BEACH BARACUDAS zone.
14:13 of 2nd period - Shot by Taylor Hall.
14:13 of 2nd period - Stopped by Mikko Koskinen without a rebound.
14:14 of 2nd period - Jeff Carter wins face-off versus Brock Nelson in LAS VEGAS LIZARD KINGS zone.
14:33 of 2nd period - Icing by John Marino.
14:34 of 2nd period - Ryan Nugent-Hopkins wins face-off versus Taylor Hall in LAS VEGAS LIZARD KINGS zone.
14:57 of 2nd period - Shot by Brock Nelson.
14:57 of 2nd period - Shot Blocked by John Marino.
14:59 of 2nd period - Shot by Taylor Hall.
14:59 of 2nd period - Stopped by Mikko Koskinen with a rebound.
15:07 of 2nd period - Shot by Brock Nelson.
15:07 of 2nd period - Stopped by Mikko Koskinen without a rebound.
15:08 of 2nd period - Jeff Carter wins face-off versus William Karlsson in LAS VEGAS LIZARD KINGS zone.
15:23 of 2nd period - Shot by Jeff Carter.
15:23 of 2nd period - Stopped by Martin Jones without a rebound.
15:24 of 2nd period - Sean Monahan wins face-off versus Nicklas Backstrom in LONG BEACH BARACUDAS zone.
15:59 of 2nd period - Shot by Sean Monahan.
15:59 of 2nd period - Shot Misses the Net.
16:15 of 2nd period - Shot by Johnny Gaudreau.
16:15 of 2nd period - Shot Blocked by Derrick Pouliot.
16:17 of 2nd period - Shot by Brayden McNabb.
16:17 of 2nd period - Shot Blocked by P.K. Subban.
16:19 of 2nd period - Shot by Johnny Gaudreau.
16:19 of 2nd period - Stopped by Martin Jones with a rebound.
16:35 of 2nd period - Shot by Johnny Gaudreau.
16:35 of 2nd period - Shot Misses the Net.
16:37 of 2nd period - Shot by Brayden McNabb.
16:37 of 2nd period - Stopped by Martin Jones without a rebound.
16:38 of 2nd period - Jeff Carter wins face-off versus Brock Nelson in LONG BEACH BARACUDAS zone.
16:46 of 2nd period - Jeff Carter is hit by Ryan Murray and loses puck.
17:03 of 2nd period - Shot by Evan Rodrigues.
17:03 of 2nd period - Shot Misses the Net.
17:13 of 2nd period - Shot by Jeff Carter.
17:13 of 2nd period - Deflect By Victor Olofsson.
17:13 of 2nd period - Shot Blocked by Ryan Murray.
17:15 of 2nd period - Shot by Evan Rodrigues.
17:15 of 2nd period - Shot Misses the Net.
17:17 of 2nd period - Shot by John Marino.
17:17 of 2nd period - Shot Misses the Net.
17:19 of 2nd period - Shot by Evan Rodrigues.
17:19 of 2nd period - Shot Misses the Net.
17:23 of 2nd period - Shot by Evan Rodrigues.
17:23 of 2nd period - Shot Blocked by Seth Jarvis.
17:57 of 2nd period - Shot by Ryan Nugent-Hopkins.
17:57 of 2nd period - Shot Misses the Net.
18:14 of 2nd period - Shot by William Karlsson.
18:14 of 2nd period - Shot Misses the Net.
18:16 of 2nd period - Shot by Craig Smith.
18:16 of 2nd period - Shot Blocked by Brayden McNabb.
18:18 of 2nd period - Shot by William Karlsson.
18:18 of 2nd period - Shot Misses the Net.
18:20 of 2nd period - Shot by Arthur Kaliyev.
18:20 of 2nd period - Shot Blocked by Brayden McNabb.
18:22 of 2nd period - Shot by William Karlsson.
18:22 of 2nd period - Shot Misses the Net.
18:51 of 2nd period - Shot by Robert Fabbri.
18:51 of 2nd period - Deflect By Derek Stepan.
18:51 of 2nd period - Shot Misses the Net.
18:53 of 2nd period - Shot by Robert Fabbri.
18:53 of 2nd period - Goal by Robert Fabbri - LONG BEACH BARACUDAS : 2 - LAS VEGAS LIZARD KINGS : 2.
18:54 of 2nd period - Jeff Carter wins face-off versus Nicklas Backstrom in neutral zone.
19:07 of 2nd period - Shot by Jeff Carter.
19:07 of 2nd period - Stopped by Martin Jones without a rebound.
19:08 of 2nd period - Brock Nelson wins face-off versus Sean Monahan in LONG BEACH BARACUDAS zone.
19:13 of 2nd period - Shot by Jared Spurgeon.
19:13 of 2nd period - Stopped by Mikko Koskinen without a rebound.
19:14 of 2nd period - William Karlsson wins face-off versus Victor Olofsson in LAS VEGAS LIZARD KINGS zone.
Goals for this period are 1 for LONG BEACH BARACUDAS vs 0 for LAS VEGAS LIZARD KINGS.
Shots for this period are 14 for LONG BEACH BARACUDAS vs 7 for LAS VEGAS LIZARD KINGS.
0:00 of 3rd period - Icing by Jeff Carter.

3rd period


0:01 of 3rd period - Brock Nelson wins face-off versus Ryan Nugent-Hopkins in neutral zone.
0:37 of 3rd period - Shot by Johnny Gaudreau.
0:37 of 3rd period - Shot Blocked by Alex Pietrangelo.
1:02 of 3rd period - Shot by Jeff Carter.
1:02 of 3rd period - Shot Misses the Net.
1:04 of 3rd period - Shot by John Marino.
1:04 of 3rd period - Shot Blocked by Alex Pietrangelo.
1:21 of 3rd period - Arthur Kaliyev is hit by John Klingberg and loses puck.
1:25 of 3rd period - William Karlsson is hit by John Marino and loses puck.
2:09 of 3rd period - Icing by Jack Johnson.
2:10 of 3rd period - Nicklas Backstrom wins face-off versus Brandon Hagel in LAS VEGAS LIZARD KINGS zone.
2:15 of 3rd period - Shot by Robert Fabbri.
2:15 of 3rd period - Stopped by Mikko Koskinen without a rebound.
2:16 of 3rd period - Brock McGinn wins face-off versus Sean Monahan in LAS VEGAS LIZARD KINGS zone.
2:27 of 3rd period - Sean Monahan is hit by Robert Fabbri and loses puck.
2:31 of 3rd period - Icing by Sean Monahan.
2:32 of 3rd period - Derek Stepan wins face-off versus Sean Monahan in LAS VEGAS LIZARD KINGS zone.
2:49 of 3rd period - Nick Leddy is hit by Boris Katchouk and loses puck.
2:54 of 3rd period - Shot by Robert Fabbri.
2:54 of 3rd period - Stopped by Mikko Koskinen without a rebound.
2:55 of 3rd period - Brock Nelson wins face-off versus Ryan Nugent-Hopkins in LAS VEGAS LIZARD KINGS zone.
3:06 of 3rd period - Shot by Johnny Gaudreau.
3:06 of 3rd period - Shot Blocked by Brock Nelson.
3:08 of 3rd period - Shot by Ryan Nugent-Hopkins.
3:08 of 3rd period - Goal by Ryan Nugent-Hopkins - LONG BEACH BARACUDAS : 2 - LAS VEGAS LIZARD KINGS : 3.
3:09 of 3rd period - Jeff Carter wins face-off versus William Karlsson in neutral zone.
3:17 of 3rd period - Victor Olofsson is hit by Ryan Murray and loses puck.
3:24 of 3rd period - Shot by William Karlsson.
3:24 of 3rd period - Stopped by Mikko Koskinen without a rebound.
3:25 of 3rd period - Brock Nelson wins face-off versus Johnny Gaudreau in LAS VEGAS LIZARD KINGS zone.
7:12 of 3rd period - Shot by Ryan Nugent-Hopkins.
7:12 of 3rd period - Stopped by Martin Jones with a rebound.
7:14 of 3rd period - Shot by Ryan Nugent-Hopkins.
7:14 of 3rd period - Stopped by Martin Jones without a rebound.
7:15 of 3rd period - Brock Nelson wins face-off versus Jeff Carter in LONG BEACH BARACUDAS zone.
7:55 of 3rd period - Evan Rodrigues is hit by Jared Spurgeon and loses puck.
8:11 of 3rd period - Icing by Brayden McNabb.
8:12 of 3rd period - Nicklas Backstrom wins face-off versus Sean Monahan in LAS VEGAS LIZARD KINGS zone.
8:19 of 3rd period - Shot by Brock McGinn.
8:19 of 3rd period - Shot Misses the Net.
8:36 of 3rd period - Sean Monahan is hit by P.K. Subban.
8:37 of 3rd period - Minor Penalty to P.K. Subban for High sticking.
8:38 of 3rd period - Ryan Nugent-Hopkins wins face-off versus Derek Stepan in LONG BEACH BARACUDAS zone.
10:24 of 3rd period - Icing by Johnny Gaudreau.
10:25 of 3rd period - Derek Stepan wins face-off versus Ryan Nugent-Hopkins in LAS VEGAS LIZARD KINGS zone.
10:46 of 3rd period - Shot by Sean Monahan.
10:46 of 3rd period - Stopped by Martin Jones with a rebound.
10:49 of 3rd period - Icing by Taylor Hall.
10:50 of 3rd period - Zemgus Girgensons wins face-off versus Seth Jarvis in LONG BEACH BARACUDAS zone.
10:52 of 3rd period - Minor Penalty to P.K. Subban for Hooking.
10:53 of 3rd period - Derek Stepan wins face-off versus Ryan Nugent-Hopkins in LONG BEACH BARACUDAS zone.
11:29 of 3rd period - Icing by Johnny Gaudreau.
11:30 of 3rd period - Nolan Patrick wins face-off versus Ryan Nugent-Hopkins in LAS VEGAS LIZARD KINGS zone.
12:05 of 3rd period - Shot by Jeff Carter.
12:05 of 3rd period - Shot Misses the Net.
12:07 of 3rd period - Shot by Jeff Carter.
12:07 of 3rd period - Stopped by Martin Jones without a rebound.
12:08 of 3rd period - Jeff Carter wins face-off versus Nolan Patrick in LONG BEACH BARACUDAS zone.
12:11 of 3rd period - Shot by Evan Rodrigues.
12:11 of 3rd period - Stopped by Martin Jones without a rebound.
12:12 of 3rd period - Jeff Carter wins face-off versus Derek Stepan in LONG BEACH BARACUDAS zone.
14:52 of 3rd period - Shot by Craig Smith.
14:52 of 3rd period - Shot Misses the Net.
15:45 of 3rd period - Shot by Nicklas Backstrom.
15:45 of 3rd period - Stopped by Mikko Koskinen without a rebound.
15:46 of 3rd period - Derek Stepan wins face-off versus Sean Monahan in LAS VEGAS LIZARD KINGS zone.
16:03 of 3rd period - Shot by Brandon Hagel.
16:03 of 3rd period - Shot Misses the Net.
16:09 of 3rd period - Shot by Sean Monahan.
16:09 of 3rd period - Shot Misses the Net.
16:55 of 3rd period - Shot by Johnny Gaudreau.
16:55 of 3rd period - Shot Misses the Net.
16:57 of 3rd period - Shot by Johnny Gaudreau.
16:57 of 3rd period - Shot Misses the Net.
16:59 of 3rd period - Shot by Nino Niederreiter.
16:59 of 3rd period - Stopped by Martin Jones with a rebound.
17:14 of 3rd period - Shot by Ryan Nugent-Hopkins.
17:14 of 3rd period - Stopped by Martin Jones with a rebound.
17:40 of 3rd period - Minor Penalty to Drake Caggiula for Slashing.
17:41 of 3rd period - Brock Nelson wins face-off versus Brandon Hagel in LAS VEGAS LIZARD KINGS zone.
18:05 of 3rd period - Shot by Brock Nelson.
18:05 of 3rd period - Deflect By Robert Fabbri.
18:05 of 3rd period - Shot Misses the Net.
18:26 of 3rd period - Off-side.
18:27 of 3rd period - Jeff Carter wins face-off versus William Karlsson in neutral zone.
18:54 of 3rd period - Shot by Taylor Hall.
18:54 of 3rd period - Shot Misses the Net.
18:56 of 3rd period - Shot by Taylor Hall.
18:56 of 3rd period - Shot Blocked by Brayden McNabb.
19:04 of 3rd period - LONG BEACH BARACUDAS, Martin Jones is pulled from the net.
19:12 of 3rd period - Shot by Robert Fabbri.
19:12 of 3rd period - Shot Misses the Net.
19:14 of 3rd period - Shot by P.K. Subban.
19:14 of 3rd period - Stopped by Mikko Koskinen without a rebound.
19:15 of 3rd period - Evan Rodrigues wins face-off versus Brock Nelson in LAS VEGAS LIZARD KINGS zone.
19:15 of 3rd period - Evan Rodrigues is hit by Robert Fabbri.
19:27 of 3rd period - Shot by Brock Nelson.
19:27 of 3rd period - Shot Blocked by Evan Rodrigues.
Goals for this period are 0 for LONG BEACH BARACUDAS vs 1 for LAS VEGAS LIZARD KINGS.
Shots for this period are 5 for LONG BEACH BARACUDAS vs 8 for LAS VEGAS LIZARD KINGS.


SEBASTIAN
AHO
MARK
SCHEIFELE
JAKE
OETTINGER

EAST COAST

HOCKEY LEAGUE

  • 17.QUE3CHI2
  • 18.CHA2LIM4
  • 19.TRV3LON2
  • 20.CHW1BAL2
  • 21.PITMAN
  • 22.ATLNHW
  • 23.WORPET
  • 24.RHI